AoeStats
← kickbear

Arabia

510608121Analyzed
3v3 RM · 18h ago on Oct 1, 2026· 63m 44s· 6 players
Game mode
Random Map
Map size
Normal (6 player)
Population
200
Speed
Normal
Resources
Standard
Victory
Conquest
Starting age
Dark Age
Ending age
Imperial Age
RankedLock teamsTeams togetherTeam positionsShared explorationLock speedFull tech treeHidden civsTurbo modeCheats
Victory
Defeat
🇫🇷 Teutons · France
779
+18
🇫🇷 Spanish · France
779
+18
🇨🇴 Franks · Colombia
740
+19
🇮🇹 Ethiopians · Italy
838
-19
🇮🇹 Franks · Italy
818
-18
🇮🇹 Aztecs · Italy
801
-23
vincent.barre29
0:31 Loom
12:03 Feudal Age
12:35 Double-Bit Axe
12:33 Horse Collar
17:40 Man-at-Arms
21:10 Forging
21:01 Scale Mail Armor
23:24 Castle Age
25:55 Bow Saw
26:45 Heavy Plow
26:58 Pikeman
30:21 Long Swordsman
31:32 Caravan
32:24 Gold Mining
36:45 Imperial Age
34:57 Fletching
35:23 Bloodlines
36:40 Wheelbarrow
35:50 Town Watch
36:35 Ballistics
39:13 Chemistry
37:55 Cavalier
40:05 Two-Man Saw
39:56 Halberdier
40:52 Squires
42:56 Elite Teutonic Knight
47:35 Iron Casting
46:56 Bodkin Arrow
53:59 Blast Furnace
53:15 Chain Mail Armor
53:06 Scale Barding Armor
53:55 Hand Cart
53:45 Onager
55:46 Paladin
57:13 Plate Mail Armor
57:08 Chain Barding Armor
60:22 Plate Barding Armor
牛胜newsheng8
9:15 Loom
10:52 Loom
13:20 Feudal Age
14:40 Wheelbarrow
13:50 Horse Collar
14:13 Double-Bit Axe
18:42 Arson
19:01 Scale Mail Armor
24:45 Castle Age
24:03 Gold Mining
24:03 Stone Mining
26:01 Forging
32:09 Scale Barding Armor
35:03 Chain Mail Armor
36:31 Husbandry
36:52 Inquisition
37:29 Hand Cart
37:00 Town Watch
42:30 Imperial Age
40:31 Bow Saw
43:15 Stone Shaft Mining
46:58 Supremacy
46:00 Cavalier
50:37 Elite Skirmisher
52:21 Plate Mail Armor
51:42 Fletching
51:52 Padded Archer Armor
52:28 Iron Casting
52:14 Chain Barding Armor
52:50 Elite Conquistador
55:14 Ballistics
56:51 Chemistry
luhigy23
0:38 Loom
13:07 Feudal Age
15:16 Wheelbarrow
18:23 Castle Age
17:45 Scale Barding Armor
23:32 Crossbowman
29:34 Padded Archer Armor
29:29 Fletching
33:03 Ordonnance Companies
37:09 Imperial Age
38:21 Conscription
39:00 Elite Skirmisher
40:35 Double-Bit Axe
41:39 Conscription
44:21 Hand Cart
44:44 Bow Saw
45:02 Chivalry
45:27 Cavalier
46:07 Husbandry
47:20 Gold Mining
46:58 Paladin
48:02 Chain Barding Armor
47:52 Forging
50:27 Plate Barding Armor
50:28 Iron Casting
51:37 Gold Shaft Mining
53:40 Blast Furnace
kickbear
7:11 Loom
10:06 Feudal Age
10:36 Double-Bit Axe
14:39 Wheelbarrow
21:50 Castle Age
21:31 Gold Mining
21:32 Stone Mining
21:42 Stone Mining
23:17 Gold Shaft Mining
23:07 Husbandry
22:28 Light Cavalry
23:40 Man-at-Arms
24:06 Gambesons
29:42 Pikeman
31:53 Squires
32:51 Hand Cart
37:22 Elite Skirmisher
43:06 Imperial Age
42:30 Ordonnance Companies
43:27 Capped Ram
44:53 Bow Saw
45:51 Halberdier
48:29 Heavy Mounted Crossbowman
52:47 Long Swordsman
Lain
7:26 Loom
10:00 Feudal Age
10:23 Horse Collar
10:31 Double-Bit Axe
19:54 Castle Age
19:41 Fletching
21:02 Stone Mining
21:25 Bow Saw
21:55 Heavy Plow
22:58 Crossbowman
24:31 Thumb Ring
27:10 Squires
27:13 Elite Skirmisher
28:52 Bodkin Arrow
32:23 Gold Mining
33:48 Forging
33:44 Scale Barding Armor
37:40 Imperial Age
35:36 Padded Archer Armor
37:01 Royal Heirs
38:05 Iron Casting
36:55 Light Cavalry
38:26 Wheelbarrow
38:18 Husbandry
39:55 Blast Furnace
39:16 Chain Barding Armor
39:52 Leather Archer Armor
39:39 Scale Mail Armor
40:06 Hand Cart
41:22 Chemistry
41:54 Stone Shaft Mining
41:48 Masonry
42:46 Torsion Engines
42:40 Heated Shot
43:11 Elite Shotel Warrior
43:28 Halberdier
43:54 Arbalester
45:20 Architecture
45:40 Chain Mail Armor
50:19 Bracer
50:50 Ring Archer Armor
60:30 Town Watch
Viole
7:42 Loom
10:09 Feudal Age
11:19 Double-Bit Axe
12:18 Horse Collar
18:11 Scale Mail Armor
18:22 Forging
21:49 Wheelbarrow
24:26 Castle Age
32:01 Heavy Plow
35:54 Bow Saw
37:56 Scale Mail Armor
38:07 Forging
39:46 Town Watch
39:51 Eagle Warrior
42:32 Hand Cart
42:59 Gold Mining
49:51 Stone Mining
50:38 Gold Shaft Mining
57:28 Imperial Age
55:05 Atlatl
58:13 Chain Mail Armor
58:34 Iron Casting
58:39 Garland Wars
58:48 Garland Wars
57:48 Elite Jaguar Warrior
59:43 Sappers
60:33 Conscription
Connection lost

Rejoining the realm…

Still unreachable

The connection could not be restored.

Session expired

The server has moved on; the page needs a fresh start.